cohdb
Replays
Latest Replays
All Replays
Popular Replays
Top Player Replays
Match Explorer
How It Works
Community
CoH3 Stats
Reddit
Sign in to upload your games and track your stats! →
Sign in with Steam
Match 37986711
Unlisted
Match 37986711
Overview
Messages
Build Orders
End
Construct Section Command Post
Infantry Section
Selects Heavy Armor Battlegroup
Infantry Section
Infantry Section
ML 3-inch Mortar Team
Selects Rigorous Vehicle Training
Construct Platoon Command Post
Humber Armored Car
Construct Field Infirmary
Grenade Package
Royal Engineer Section
6-pounder Anti-tank Gun Team
Infantry Training
Vickers Machine Gun Team
Selects Crusader AA Medium Tank
Selects UNKNOWN (2162094)
Construct Company Command Post
Crusader II Medium Tank
Selects Light Vehicle Withdraw and Refit
Selects Forward Repair Assembly
Armored Vehicle Training
Crusader II Medium Tank
Selects Designate Targets
Designate Targets
Churchill IV Heavy Tank
♥ ~Lady Rytsu~ ♥
PAX AJAX
vonMises
Mael Radec
0
0
Comments
sign in to comment!
No comments posted yet!